 Dungeon Crawl Stone Soup version 0.29.1-12-g30fa7ad0bf (webtiles) character file.

Game seed: 15350558591089533149

3526 hawla the Carver (level 10, 0/79 HPs)
             Began as a Meteoran Air Elementalist on Jan 2, 2023.
             Slain by a centaur warrior simulacrum (20 damage)
             ... on level 10 of the Dungeon.
             The game lasted 00:14:11 (3638 turns).

hawla the Carver (Meteoran Air Elementalist)        Turns: 3638, Time: 00:14:12

Health: 0/79       AC:  6    Str: 10    XL:     10   Next: 54%
Magic:  23/23      EV: 15    Int: 21    God:
Gold:   279        SH:  5    Dex: 21    Spells: 14/25 levels left

rFire   + . .      SeeInvis .   c - +6 double sword (flame)
rCold   . . .      Faith    .   (no shield)
rNeg    . . .      Spirit   .   a - +1 robe
rPois   .          Reflect  +   q - +0 helmet
rElec   .          Harm     .   v - +0 cloak
rCorr   .          Rampage  .   t - +0 pair of gloves
Will    +....                   (no boots)
Stlth   +.........              n - amulet of reflection
HPRegen 0.23/turn               d - ring of protection from fire
MPRegen 0.18/turn               i - +6 ring of dexterity

@: about to teleport, glowing
A: sense surroundings 3, otherworldly, glowing, explore regen, subdued magic 1,
inability to read after injury 1, MP-powered wands
a: no special abilities


You were on level 10 of the Dungeon.
You visited 2 branches of the dungeon, and saw 11 of its levels.

You collected 279 gold pieces.

Inventory:

Hand Weapons
 c - a +6 double sword of flaming (weapon)
 p - a +0 lajatang
 y - the +5 spear "Lamiethru" {vorpal, *Noise Str+3 Dex+2}
   (You found it on level 9 of the Dungeon)

   It inflicts extra damage upon your enemies.
   Str:       It affects your strength (+3).
   Dex:       It affects your dexterity (+2).
   *Noise:    It may make noises in combat.
Armour
 a - a +1 robe (worn)
 q - a +0 helmet (worn)
 t - a +0 pair of gloves (worn)
 v - a +0 cloak (worn)
Jewellery
 d - a ring of protection from fire (left hand)
 f - a ring of ice
 i - a +6 ring of dexterity (right hand)
 n - an amulet of reflection (around neck)
Wands
 j - a wand of quicksilver (14) (quivered)
 l - a wand of flame (30)
 s - a wand of charming (5)
 x - a wand of iceblast (3)
Potions
 b - a potion of magic
 e - a potion of berserk rage
 g - a potion of resistance
 h - 2 potions of flight
 r - a potion of heal wounds
 u - a potion of curing
 z - 2 potions of haste


   Skills:
 + Level 4.2 Fighting
 + Level 9.2 Long Blades
 + Level 5.1 Dodging
 - Level 1.4 Stealth
 + Level 8.1 Spellcasting
 + Level 4.2 Conjurations
 + Level 4.0 Translocations
 + Level 8.2 Air Magic
 + Level 2.0 Evocations


You had 14 spell levels left.
You knew the following spells:

 Your Spells              Type           Power      Damage    Failure   Level
a - Shock                 Conj/Air       100%       1d9       1%          1
b - Static Discharge      Conj/Air       26%        3-7/arc   1%          2
c - Airstrike             Air            16%        2d(3-19)  1%          4
d - Iskenderun's Mystic   Conj/Tloc      19%        2d6       12%         4

Your spell library contained the following spells:

 Spells                   Type           Power      Damage    Failure   Level
 Swiftness                Air            33%        N/A       1%          3
 Sandblast                Erth           12%        2d6       6%          1
 Stone Arrow              Conj/Erth      26%        3d8       8%          3
 Sublimation of Blood     Necr           6%         N/A       10%         2
 Wereblood                Tmut           6%         N/A       10%         2
 Fulminant Prism          Conj/Hex       6%         3d7       28%         4
 Lee's Rapid Deconstruct  Erth           3%         3d6*      89%         5
 Haunt                    Necr/Summ      3%         N/A       100%        7
 Summon Hydra             Summ           3%         N/A       100%        7


Dungeon Overview and Level Annotations

Branches:
Dungeon (10/15) Zot: 2494  Temple (1/1) D:4 Zot: 435     Orc (0/2) D:10
   Lair: D:8-11

Altars:
Ashenzari
Cheibriados
Dithmenos
Elyvilon
Fedhas
Hepliaklqana
Kikubaaqudgha
Makhleb
Nemelex Xobeh
Okawaru
Qazlal
Ru
Sif Muna
Trog
Uskayaw
Wu Jian
Xom

Shops:
D:4 :


Innate Abilities, Weirdness & Mutations

You passively map a large area around you.
You are easily found by Zot.
You glow in the dark.
You regain HP and MP as you explore.
Your spells are a little easier to cast, but a little less powerful.
You occasionally lose the ability to read scrolls when taking damage.
You expend magic power (3 MP) to strengthen your wands.


Message History

The killer bee stings you.
A killer bee comes into view.
You block the killer bee's attack.
Your surroundings suddenly seem different.
A polar bear, a white imp, a centaur warrior simulacrum, a centaur, a komodo dragon, 2 orcs and an electric eel come into view.
Found a stone staircase leading up.
The polar bear growls angrily.
The white imp shouts, "Leave, thou yeasty toot-wallowing coxcomb!"
The centaur shouts!
The komodo dragon hisses angrily.
The orc shouts!
You hear a shout!
You hear a bellow! x2
The centaur wields a +0 shortbow.
The centaur shoots an arrow.
The arrow closely misses you.
An electric eel comes into view.
The electric eel shoots out a bolt of lightning at you!
The bolt of electricity hits you!
The orc wizard shouts!
Okay, then.
As you read the scroll of teleportation, it crumbles to dust.
You feel strangely unstable.
You hear a shout!
A centaur warrior simulacrum comes into view. x2
An orc comes into view. It is wielding a +0 club.
A yak comes into view.
The electric eel shoots out a bolt of lightning at you!
The bolt of electricity hits you!
The centaur unwields a +0 shortbow.
The centaur hits you. The centaur closely misses you.
The polar bear attacks as you move away!
The polar bear misses you. The polar bear barely misses you.
The polar bear claws you but does no damage.
The centaur wields a +0 shortbow.
The centaur shoots an arrow.
The arrow closely misses you.
The centaur warrior simulacrum hits you!
The centaur warrior simulacrum freezes you!!
The centaur warrior simulacrum kicks you but does no damage.
The centaur shoots an arrow.
The arrow hits you.
* * * LOW HITPOINT WARNING * * *
The centaur warrior simulacrum hits you.
* * * LOW HITPOINT WARNING * * *
The centaur warrior simulacrum freezes you!!
You die...

, # , , ,, , * ,
..........~..~.~,
, 8,,,
...8......S..~.~ ,
.........~.~~.~ ,
* ....ZZ..~...o~ *
* , , ,
#......≈....~, *
*#......o.∩..~~ *
* *
#...Z..o5..~~~~ *,
, #..@.h.~..S~~, ,
, *
#.......c~~...~~
**
*#......l..~~~..~
~
..#.......~~.~..~,
* *
...#<.....~.~~~~≈
** ..
#.........~... *
*. ....Y....~~.~~~
*
,..........#.~.#*
,* ** ,, ,, *


You could see a polar bear, a komodo dragon, a yak, a centaur, 2 electric eels,
an orc wizard, a white imp, 3 centaur warrior simulacra and an orc.

Vanquished Creatures
  A hornet (D:8)
  5 yaks (D:10)
  2 wyverns
  An acid dragon (D:7)
  An ice beast (D:6)
  A sky beast (D:6)
  2 orc warriors (D:10)
  4 centaurs
  An ogre (D:4)
  3 phantoms
  A kobold brigand (D:8)
  A necrophage (D:4)
  Blork the orc (D:6)
  2 bullfrogs
  5 killer bees (D:7)
  2 howler monkeys
  7 hounds
  3 orc priests
  An iguana (D:4)
  5 orc wizards
  6 adders
  3 shadow imps
  3 white imps
  A dart slug (D:1)
  29 orcs
  3 endoplasms
  3 giant cockroaches (D:1)
  6 goblins
  A hobgoblin (D:4)
  4 jackals (D:3)
  2 quokkas
  5 ball pythons
  2 bats (D:1)
  A frilled lizard (D:1)
  11 kobolds
  3 rats
132 creatures vanquished.

Notes
Turn   | Place    | Note
-------+----------+-------------------------------------------
     0 | D:1      | hawla the Meteoran Air Elementalist began the quest for the
                  | Orb.
     0 | D:1      | Reached XP level 1. HP: 14/14 MP: 5/5
   323 | D:1      | Reached XP level 2. HP: 11/20 MP: 0/6
   372 | D:1      | Learned a level 2 spell: Static Discharge
   495 | D:2      | Identified a scroll of acquirement
   497 | D:2      | Acquired a +6 double sword of electrocution
   531 | D:3      | Reached XP level 3. HP: 19/26 MP: 8/8
   899 | D:4      | Found a staircase to the Ecumenical Temple.
   911 | D:4      | Reached XP level 4. HP: 17/33 MP: 4/10
   923 | Temple   | Entered the Ecumenical Temple
  1130 | D:4      | Noticed a phantom
  1136 | D:4      | Killed a phantom
  1137 | D:4      | Reached skill level 1 in Long Blades
  1137 | D:4      | Reached skill level 5 in Air Magic
  1137 | D:4      | Reached XP level 5. HP: 36/39 MP: 10/12
  1142 | D:4      | Learned a level 4 spell: Airstrike
  1202 | D:4      | Reached XP level 6. HP: 42/46 MP: 7/13
  1352 | D:4      | Reached skill level 1 in Evocations
  1458 | D:4      | Noticed an ogre
  1462 | D:4      | Killed an ogre
  1463 | D:4      | Reached skill level 1 in Fighting
  1463 | D:4      | Reached skill level 2 in Long Blades
  1493 | D:4      | Reached XP level 7. HP: 47/52 MP: 14/14
  1639 | D:4      | Reached skill level 3 in Long Blades
  1642 | D:4      | Found Zahoped's Self-Improvement Boutique.
  1860 | D:5      | Entered Level 5 of the Dungeon
  1936 | D:5      | Reached skill level 4 in Long Blades
  1981 | D:5      | Found a sacrificial altar of Ru.
  2031 | D:6      | Reached skill level 5 in Long Blades
  2053 | D:6      | Reached XP level 8. HP: 59/59 MP: 15/15
  2083 | D:6      | Found an ornate altar of the Wu Jian Council.
  2159 | D:6      | Reached skill level 6 in Long Blades
  2271 | D:6      | Found a blossoming altar of Fedhas.
  2279 | D:6      | Reached skill level 7 in Long Blades
  2343 | D:6      | Noticed Blork the orc
  2345 | D:6      | Killed Blork the orc
  2598 | D:7      | Reached skill level 5 in Spellcasting
  2598 | D:7      | Gained mutation: You passively map the area around you.
                  | [Meteoran growth]
  2598 | D:7      | Reached XP level 9. HP: 67/68 MP: 14/17
  2610 | D:6      | Gained mutation: You occasionally lose the ability to read
                  | scrolls when taking damage. [potion of mutation]
  2610 | D:6      | Gained mutation: You are resistant to electric shocks.
                  | (rElec) [potion of mutation]
  2610 | D:6      | Gained mutation: You are clumsy. (Dex -2) [potion of
                  | mutation]
  2610 | D:6      | Gained mutation: You passively map a large area around you.
                  | [potion of mutation]
  2783 | D:7      | Reached skill level 8 in Long Blades
  2833 | D:8      | Found an ancient bone altar of Kikubaaqudgha.
  2841 | D:8      | Noticed a hornet
  2844 | D:8      | Paralysed by a hornet for 1 turns
  2846 | D:8      | Killed a hornet
  2849 | D:8      | Found a hide-covered altar of Uskayaw.
  3142 | D:9      | Reached XP level 10. HP: 69/78 MP: 20/22
  3166 | D:9      | Lost mutation: You are resistant to electric shocks.
                  | (rElec) [potion of mutation]
  3166 | D:9      | Lost mutation: You are clumsy. (Dex -2) [potion of
                  | mutation]
  3166 | D:9      | Gained mutation: You expend magic power (3 MP) to
                  | strengthen your wands. [potion of mutation]
  3166 | D:9      | Gained mutation: Your spells are a little easier to cast,
                  | but a little less powerful. [potion of mutation]
  3271 | D:9      | Got the Meditations on Gritty Mortification
  3285 | D:9      | Learned a level 4 spell: Iskenderun's Mystic Blast
  3309 | D:9      | Reached skill level 1 in Translocations
  3309 | D:9      | Identified the +5 spear "Lamiethru" {vorpal, *Noise Str+3
                  | Dex+2}
  3319 | D:9      | Found a shimmering altar of Xom.
  3478 | D:10     | Entered Level 10 of the Dungeon
  3503 | D:10     | Reached skill level 5 in Dodging
  3567 | D:10     | Reached skill level 9 in Long Blades
  3587 | D:10     | Found a staircase to the Orcish Mines.
  3635 | D:10     | Noticed a komodo dragon
  3638 | D:10     | Slain by a centaur warrior simulacrum

Illustrated notes

Levels and vault maps discovered:
D:1:      roderic_dead_forest, layout_basic
D:2:      layout_loops_ring, chequers_ecumenical_altar_island,
          grunt_decor_resistance, uniq_terence, uniq_jessica, uniq_sigmund
D:3:      layout_loops_corners, bh_walls_and_bars
D:4:      layout_loops_corners, minmay_temple_entry_sparse_star,
          hangedman_decor_push, nicolae_shop_self_help
D:5:      layout_gridville, mainiacjoe_overflow_cross_hatched
D:6:      layout_basic, nicolae_wu_jian_wuxing_cycle,
          fedhas_bush_and_centaur_altar, uniq_blork_the_orc
D:7:      layout_cave_pools, minitemple
D:8:      layout_basic, mainiacjoe_overflow_large_starburst,
          uniq_prince_ribbit1, uniq_erica, uniq_amaemon
D:9:      layout_gridville, lemuel_round_altar
D:10:     cheibrodos_fzero, layout_layer_cave,
          pdpol_temple_overflow_zin_treasury_gozag_greed, hiddenorc2_lemuel,
          enter_bailey_2, special_room [special_room_bee], serial_ice,
          serial_ice_b, serial_ice_j, serial_ice_a, serial_ice_d, serial_ice_n,
          serial_ice_c, serial_ice_o, serial_ice_e, serial_ice_h, serial_ice_g
Temple:   nicolae_temple_bog_church

Skill      XL: |  1  2  3  4  5  6  7  8  9 10 |
---------------+-------------------------------+-----
Spellcasting   | 3 4 5 7 8 |  8.1
Air Magic      | 4 5 6 7 8 |  8.2
Long Blades    | 1 2 5 7 8 9 |  9.2
Dodging        | 3 4 5 |  5.1
Conjurations   | 2 3 4 |  4.2
Evocations     | 2 |  2.0
Fighting       | 1 2 3 4 |  4.2
Translocations | 4 |  4.0
Stealth        | |  1.4

Action                   |  1- 3 |  4- 6 |  7- 9 | 10-12 || total
-------------------------+-------+-------+-------+-------++-------
Melee: Unarmed           |    14 |       |       |       ||    14
       Double sword      |    14 |    25 |    64 |    28 ||   131
 Cast: Shock             |    27 |     2 |     1 |       ||    30
       Static Discharge  |     8 |     4 |    27 |     6 ||    45
       Airstrike         |       |     1 |    13 |     3 ||    17
       Iskenderun's Myst |       |       |       |     8 ||     8
Evoke: Wand              |       |       |       |     1 ||     1
  Use: Scroll            |     7 |       |     4 |     5 ||    16
       Potion            |       |       |     9 |     2 ||    11
Armor: Robe              |     9 |     6 |    17 |    17 ||    49
Dodge: Dodged            |    34 |    11 |    66 |    35 ||   146
Block: Other             |       |       |    27 |    12 ||    39
       Reflection        |       |       |     4 |     3 ||     7
